 Dungeon Crawl Stone Soup version 0.29.1-4-g47bece8355 (webtiles) character file.

Game seed: 17683440426180293968

5069 ChadusMaximus the Fighter (level 10, -10/93 HPs)
             Began as a Minotaur Fighter on Dec 10, 2022.
             Killed from afar by a starflower (17 damage)
             ... with a harpoon shot
             ... on level 1 of the Abyss.
             The game lasted 00:10:44 (11704 turns).

ChadusMaximus the Fighter (Minotaur Fighter)       Turns: 11704, Time: 00:10:45

Health: -10/93     AC: 19    Str: 24    XL:     10   Next: 31%
Magic:  9/9        EV:  7    Int:  5    God:
Gold:   489        SH:  6    Dex: 11    Spells: 9/9 levels left

rFire   . . .      SeeInvis .   a - +0 war axe
rCold   . . .      Faith    .   c - +0 buckler
rNeg    . . .      Spirit   .   E - +0 plate armour
rPois   .          Reflect  .   (helmet restricted)
rElec   +          Harm     .   (no cloak)
rCorr   .          Rampage  .   (no gloves)
Will    .....                   u - +0 pair of boots
Stlth   ..........              (no amulet)
HPRegen 0.25/turn               B - ring "Nuudiufea" {Wiz rElec}
MPRegen 0.11/turn               z - +4 ring of protection

@: about to teleport
A: horns 2, retaliatory headbutt
a: no special abilities


You were on level 1 of the Abyss.
You visited 2 branches of the dungeon, and saw 10 of its levels.
You visited the Abyss 1 time.

You collected 489 gold pieces.

Inventory:

Hand Weapons
 a - a +0 war axe (weapon)
Armour
 b - a +0 scale mail
 c - a +0 buckler (worn)
 u - a +0 pair of boots (worn)
 D - a +0 chain mail
 E - a +0 plate armour (worn)
Jewellery
 z - a +4 ring of protection (right hand)
 B - the ring "Nuudiufea" (left hand) {Wiz rElec}
   (You found it on level 6 of the Dungeon)

   [ring of wizardry]

   It improves your spell success rate.
   rElec:     It insulates you from electricity.
Wands
 n - a wand of roots (8)
 s - a wand of polymorph (7)
Scrolls
 e - 3 scrolls of teleportation
 f - 6 scrolls of identify {unknown}
 g - 3 scrolls of vulnerability {unknown}
 m - 3 scrolls of noise {unknown}
 o - 2 scrolls of enchant armour {unknown}
 r - 2 scrolls of brand weapon {unknown}
 t - a scroll of fog {unknown}
 y - 2 scrolls of poison {unknown}
 A - 2 scrolls of amnesia {unknown}
Potions
 d - 2 potions of might
 h - a potion of experience {unknown}
 i - 4 potions of heal wounds {unknown}
 j - 4 potions of curing {unknown}
 k - 4 potions of brilliance {unknown}
 l - a potion of lignification {unknown}
 p - 3 potions of flight {unknown}
 q - 4 potions of haste {unknown}
 v - a potion of cancellation {unknown}
 w - a potion of resistance {unknown}
 x - 2 potions of magic {unknown}
 C - a potion of mutation {unknown}


   Skills:
 + Level 9.9 Fighting
 + Level 9.5 Axes
 + Level 9.9 Armour
 + Level 9.9 Shields


You had 9 spell levels left.
You didn't know any spells.
Your spell library contained the following spells:

 Spells                   Type           Power      Damage    Failure   Level
 Foxfire                  Conj/Fire      0%         2x1d4     94%         1
 Magic Dart               Conj           0%         1d3       94%         1
 Searing Ray              Conj           0%         2d4       98%         2
 Conjure Flame            Conj/Fire      0%         6-21      100%        3
 Ignite Poison            Fire/Tmut/Pois 0%         N/A       100%        3
 Inner Flame              Hex/Fire       0%         N/A       100%        3
 Mephitic Cloud           Conj/Pois/Air  0%         N/A       100%        3
 Flame Wave               Conj/Fire      0%         2d4       100%        4
 Fulminant Prism          Conj/Hex       0%         3d6       100%        4
 Blade Hands              Tmut           0%         N/A       100%        5
 Freezing Cloud           Conj/Ice/Air   0%         6-21      100%        5
 Irradiate                Conj/Tmut      0%         3d11      100%        5
 Dragon Form              Tmut           0%         N/A       100%        7


Dungeon Overview and Level Annotations

Branches:
Dungeon (9/15)             Temple (1/1) D:6
   Lair: D:8-11         Orc: D:9-12

Altars:
Ashenzari
Dithmenos
Elyvilon
Fedhas
Hepliaklqana
Kikubaaqudgha
Makhleb
Nemelex Xobeh
Qazlal
Ru
Sif Muna
Trog
Uskayaw
Vehumet
Wu Jian
Xom
Yredelemnul
Zin
The Shining One

Shops:
D:4 :   D:7 (   D:8 =

Annotations:
D:8 Psyche


Innate Abilities, Weirdness & Mutations

You have a pair of horns on your head.
You reflexively headbutt those who attack you in melee.


Message History

You feel sick.
Found a gateway leading out of the Abyss.
You feel sick. You block the black mamba's attack.
You block the starflower's attack.
The starflower tentacle-slaps you from afar!
The worldbinder attacks as you move away!
The worldbinder hits you but does no damage.
You block the worldbinder's attack.
A starflower comes into view.
You feel sick.
The starflower gurgles horribly!
The black mamba disappears in a puff of smoke!
The starflower tentacle-slaps you from afar!
* * * LOW HITPOINT WARNING * * *
You blink.
A starflower comes into view.
The starflower tentacle-slaps you.
* * * LOW HITPOINT WARNING * * *
The starflower tentacle-slaps you but does no damage.
The starflower tentacle-slaps you.
* * * LOW HITPOINT WARNING * * *
Space warps around you.
* * * LOW HITPOINT WARNING * * *
A starflower comes into view.
You feel sick.
The starflower gurgles horribly! x2
The starflower completely misses you.
The starflower tentacle-slaps you from afar.
* * * LOW HITPOINT WARNING * * *
The starflower tentacle-slaps you but does no damage.
You block the starflower's attack.
You feel sick.
The starflower tentacle-slaps you but does no damage.
You block the starflower's attack. x2
The starflower tentacle-slaps you but does no damage.
You feel sick.
You are no longer poisoned.
The starflower fires a harpoon shot at you.
The harpoon shot hits you!
You die...

##
#..#.
#. #.#.
#.##...
#...t##
#P#..P#
#.....#
#..x..#
#.....#
##.@.##
#.....#
#.....#
#.....#
#P#.#P#
#...###
###.###
#.#


You could see 4 starflowers, an apocalypse crab and a worldbinder.

Vanquished Creatures
  2 hornets
  Menkaure (D:5)
  An acid dragon (D:7)
  3 water moccasins
  An ice beast (D:6)
  2 black bears
  An orc warrior (D:8)
  5 ogres
  4 phantoms
  3 bullfrogs
  A kobold brigand (D:4)
  3 necrophages
  5 scorpions
  12 wights
  5 killer bees (D:7)
  2 electric eels (D:7)
  7 howler monkeys
  A bullfrog zombie (D:6)
  2 hounds
  4 jellies
  A centaur skeleton (D:6)
  A bullfrog skeleton (D:6)
  5 orc priests
  Jessica (D:2)
  4 iguanas
  11 orc wizards
  A killer bee zombie (D:6)
  Robin (D:2)
  8 gnolls (D:6)
  5 adders
  A shadow imp (D:8)
  2 white imps (D:6)
  A dart slug (D:1)
  22 orcs
  4 bats
  8 endoplasms
  3 giant cockroaches
  22 goblins
  10 hobgoblins
  5 jackals
  4 quokkas
  10 ball pythons
  4 frilled lizards
  20 kobolds
  5 rats
224 creatures vanquished.

Vanquished Creatures (others)
  2 ball pythons (D:3)
  A rat (D:3)
  12 plants
  4 withered plants (D:6)
19 creatures vanquished.

Grand Total: 243 creatures vanquished

Notes
Turn   | Place    | Note
-------+----------+-------------------------------------------
     0 | D:1      | ChadusMaximus the Minotaur Fighter began the quest for the
                  | Orb.
     0 | D:1      | Reached XP level 1. HP: 19/19 MP: 0/0
   219 | D:1      | Reached XP level 2. HP: 27/27 MP: 1/1
   439 | D:1      | Noticed a floating eye
   442 | D:1      | Noticed a shining eye
   444 | D:1      | Found a faded altar of an unknown god.
   445 | D:1      | Noticed a great orb of eyes
   445 | D:1      | Noticed a floating eye
   680 | D:1      | Reached XP level 3. HP: 31/33 MP: 2/2
   883 | D:2      | Noticed Jessica
   886 | D:2      | Killed Jessica
  1291 | D:2      | Reached XP level 4. HP: 17/41 MP: 3/3
  1306 | D:2      | Identified the +1 helmet of the Bulwark {Fly rElec rF+
                  | rCorr}
  1306 | D:2      | Noticed Robin
  1313 | D:2      | Killed Robin
  2185 | D:3      | Found a shimmering altar of Xom.
  2565 | D:3      | Reached XP level 5. HP: 47/47 MP: 4/4
  2645 | D:3      | Found a glowing silver altar of Zin.
  2831 | D:4      | Reached skill level 5 in Fighting
  2831 | D:4      | Reached skill level 5 in Armour
  2831 | D:4      | Reached skill level 5 in Shields
  2850 | D:4      | HP: 2/48 [something (3)]
  2853 | D:4      | Reached XP level 6. HP: 3/56 MP: 5/5
  3270 | D:4      | Found Raiqev's Book Shoppe.
  3656 | D:4      | Reached XP level 7. HP: 32/62 MP: 6/6
  3813 | D:4      | Reached skill level 5 in Axes
  4275 | D:5      | Entered Level 5 of the Dungeon
  4798 | D:5      | Noticed Menkaure
  4806 | D:5      | Killed Menkaure
  4807 | D:5      | Reached XP level 8. HP: 5/71 MP: 7/7
  6871 | D:6      | Identified the +0 leather armour of the Pit {Str+4}
  6883 | D:6      | Identified the ring "Nuudiufea" {Wiz rElec}
  6895 | D:6      | Found a staircase to the Ecumenical Temple.
  6918 | D:6      | Reached XP level 9. HP: 45/81 MP: 8/8
  6930 | Temple   | Entered the Ecumenical Temple
  7833 | D:6      | Identified the +4 falchion of Ususu {flame, rC+ MP+9 Dex+3}
  8240 | D:7      | Found a bloodstained altar of Trog.
  8916 | D:7      | Found Wathucie's Hydra Hut.
  8918 | D:7      | Noticed an eight-headed hydra
 10174 | D:7      | Reached XP level 10. HP: 29/90 MP: 9/9
 11221 | D:8      | Identified the +10 quarterstaff of Fee Simple {holy, rPois
                  | SInv Stlth+}
 11440 | D:8      | You fall into a shaft and drop 1 floor!
 11455 | D:9      | Paralysed by a hornet for 1 turns
 11602 | D:8      | Found a sparkling altar of Nemelex Xobeh.
 11646 | D:8      | Found Vutin's Jewellery Shop.
 11649 | D:8      | Noticed Psyche
 11655 | Abyss:1  | Cast into level 1 of the Abyss (Psyche)
 11673 | Abyss:1  | Noticed a worldbinder
 11677 | Abyss:1  | Noticed a black mamba
 11677 | Abyss:1  | Noticed a black mamba
 11677 | Abyss:1  | Noticed a black mamba
 11689 | Abyss:1  | Noticed a naga warrior
 11689 | Abyss:1  | Noticed a black mamba
 11689 | Abyss:1  | Noticed a mana viper
 11696 | Abyss:1  | Noticed an apocalypse crab
 11698 | Abyss:1  | Noticed a starflower
 11701 | Abyss:1  | Noticed a starflower
 11701 | Abyss:1  | Noticed a starflower
 11702 | Abyss:1  | Noticed a starflower
 11704 | Abyss:1  | Killed from afar by a starflower

Illustrated notes

Levels and vault maps discovered:
D:1:      dpeg_arrival_triangle_fractal, layout_loops_cross,
          hellmonk_ecumenical_altar_watching_god
D:2:      layout_basic, uniq_jessica, uniq_robin
D:3:      layout_rooms, xom_confusion_cloud, zin_statuary,
          hangedman_feature_mirror
D:4:      layout_cave_pools, serial_shops, nicolae_shop_advertising_works
          [nicolae_subvault_shop_adworks]
D:5:      layout_layer_cave, serial_bayou_ford_a,
          amcnicky_mini_corridor_feature, uniq_menkaure
D:6:      corexii_shantytown, layout_basic, temple_green, serial_undead,
          serial_undead_c, serial_undead_a, serial_undead_f, serial_undead_a,
          serial_undead_b
D:7:      layout_cave_pools, lemuel_crystal_altar, kennysheep_path_1,
          grunt_ministairs_6, doesnt_shop_hydraphobe
D:8:      layout_loops_ring, mainiacjoe_overflow_six_doors_small, serial_shops,
          shop, uniq_psyche
D:9:      minmay_curly_fans, layout_long_grid, cheibrodos_worm_habitat,
          mainiacjoe_overflow_swirl, david_lair_shrubbed
Temple:   nicolae_temple_no_exploring_needed
Abyss:1:  base: D:8, spicy_abyss_unhelpful_harpoons,
          spicy_abyss_unhelpful_harpoons

Skill      XL: |  1  2  3  4  5  6  7  8  9 |
---------------+----------------------------+-----
Fighting       | 4 5 6 7 9 |  9.9
Shields        | 4 5 6 7 9 |  9.9
Armour         | 4 5 6 7 9 |  9.9
Axes           | 3 4 6 7 9 |  9.5

Action                   |  1- 3 |  4- 6 |  7- 9 | 10-12 || total
-------------------------+-------+-------+-------+-------++-------
Melee: War axe           |    67 |   140 |   329 |    78 ||   614
       Headbutt          |     7 |    19 |    64 |    18 ||   108
       Unarmed           |       |       |       |     7 ||     7
  Use: Scroll            |       |     1 |     1 |     1 ||     3
Armor: Scale mail        |    34 |    77 |   153 |    12 ||   276
       Plate armour      |       |       |       |    33 ||    33
       Skin              |       |       |       |     7 ||     7
Dodge: Dodged            |    28 |    54 |   139 |    37 ||   258
Block: Buckler           |    22 |    27 |    87 |    24 ||   160
